 Dungeon Crawl Stone Soup version 0.17-a0-1685-g57e755e (webtiles) character file.

95 KINGKRU the Bolt Thrower (level 4, -2/37 HPs)
             Began as a Hill Orc Wanderer on Aug 19, 2015.
             Shot with a stone by a goblin (6 damage)
             ... led by Robin
             ... on level 2 of the Dungeon.
             The game lasted 00:08:31 (1040 turns).

KINGKRU the Bolt Thrower (Hill Orc Wanderer)        Turns: 1040, Time: 00:08:31

Health: -2/37      AC:  6    Str: 13    XL:     4   Next: 66%
Magic:  4/4        EV: 11    Int: 14    God:
Gold:   38         SH:  0    Dex: 10    Spells: 0 memorised, 3 levels left

rFire  + . .     SeeInvis .     m - +2 spear (pierce)
rCold  + . .     Clarity  .     g - +3 leather armour
rNeg   . . .     SustAt   .     (no shield)
rPois  +         Gourm    .     (no helmet)
rElec  +         Spirit   .     (no cloak)
rCorr  +         Warding  .     (no gloves)
rMut   .         Stasis   .     (no boots)
MR     .....                    (no amulet)
Stlth  +.........               (no ring)
                                (no ring)

@: resistant, not resistant to hostile enchantments, very unstealthy
A: no striking features
a: no special abilities


You were on level 2 of the Dungeon.
You were not hungry.

You visited 1 branch of the dungeon, and saw 2 of its levels.

You collected 38 gold pieces.

Inventory:

Hand weapons
 b - a +0 hand crossbow
 d - a cursed +0 dagger
 m - a +2 spear of piercing (weapon)
Missiles
 c - 16 bolts
Armour
 g - a +3 leather armour (worn)
Scrolls
 e - a scroll of magic mapping
 k - a scroll of remove curse
Potions
 j - a potion of flight {unknown}
 n - a potion of agility {unknown}
 o - a potion of curing {unknown}
Comestibles
 f - 2 bread rations
 l - 2 meat rations


   Skills:
 + Level 2.8 Fighting
 + Level 4.2 Crossbows
 + Level 1.2 Armour
 + Level 1.7 Dodging
 + Level 1.0 Stealth
   Level 2.1 Shields


You had 3 spell levels left.
You didn't know any spells.

Dungeon Overview and Level Annotations

Branches:
Dungeon (2/15)

Altars:


Message History

The hobgoblin hits you but does no damage.
You barely miss the hobgoblin.
The hobgoblin is almost dead.
The goblin misses you. The hobgoblin hits you with a club.
* * * LOW HITPOINT WARNING * * *
You barely miss the hobgoblin.
The hobgoblin is almost dead.
The goblin closely misses you. The hobgoblin closely misses you.
Read which item? (? for menu, Esc to quit)
Okay, then.
Drink which item? (? for menu, Esc to quit)
It was a potion of resistance.
You feel protected. The goblin closely misses you.
The hobgoblin hits you but does no damage.
You hit the hobgoblin.
You kill the hobgoblin!
The goblin hits you but does no damage.
The goblin shoots a stone.
The stone hits you.
You die...

#........###.# #...#***#.......#
####.###..#.######(#.,,...##.##>#
###......#.####.....,.*##,*#.##.#
.....###........##.#..***,*#.....
....## #.#####....(..,,,....###..
##### #.# #...(.#,,#*#.......#
#)# #.....#,.###....#### #†#
#.g##(#........,,*
#.#####..@)g.?.#,*#.,,**
#.......###.####,*#*,** ##..#####
#.# *<* *** ##.# **#g#***,* #.#
*,.gg,**,* #.# *,.g.,**,* #.#
*,....**,*** #.# *..g..**,,,*
*#.# *,,,,,****,*


You could see 2 goblins.

Vanquished Creatures
  Jessica (D:2)
  Robin (D:2)
  A gnoll (D:1)
  A giant gecko (D:1)
  8 bats
  5 giant cockroaches
  9 hobgoblins
  2 jackals (D:2)
  4 giant newts
  8 goblins
  3 kobolds
  6 rats
49 creatures vanquished.

Notes
Turn   | Place    | Note
--------------------------------------------------------------
     0 | D:1      | KINGKRU the Hill Orc Wanderer began the quest for the Orb.
     0 | D:1      | KINGKRU set off with: a +0 shield, a +0 hand crossbow, 25 bolts, a potion of lignification, a +0 robe, a bread ration
     0 | D:1      | Reached XP level 1. HP: 18/18 MP: 1/1
   139 | D:1      | Reached skill level 3 in Crossbows
   144 | D:1      | Reached XP level 2. HP: 22/25 MP: 2/2
   336 | D:1      | Reached XP level 3. HP: 30/30 MP: 3/3
   966 | D:2      | Noticed Jessica
   968 | D:2      | Killed Jessica
   968 | D:2      | Reached skill level 4 in Crossbows
   968 | D:2      | Reached XP level 4. HP: 37/37 MP: 4/4
  1000 | D:2      | Noticed Robin
  1016 | D:2      | Killed Robin
  1040 | D:2      | Shot with a stone by a goblin

Vault maps used:
D:1:      sevenhm_arrival_forest_fort_large_1, minivault_25
D:2:      first_bread, uniq_robin, uniq_jessica

Action                   |  1- 3 |  4- 6 || total
-------------------------+-------+-------++-------
Melee: Spear             |       |    35 ||    35
 Fire: Hand crossbow     |    81 |    11 ||    92
  Use: Scroll            |     7 |       ||     7
       Potion            |       |     1 ||     1
